%YAML 1.1
%TAG !u! tag:unity3d.com,2011:
--- !u!1 &4390932434788658466
GameObject:
  m_ObjectHideFlags: 0
  m_CorrespondingSourceObject: {fileID: 0}
  m_PrefabInstance: {fileID: 0}
  m_PrefabAsset: {fileID: 0}
  serializedVersion: 6
  m_Component:
  - component: {fileID: 7377391542183089191}
  m_Layer: 0
  m_Name: Objects
  m_TagString: Untagged
  m_Icon: {fileID: 0}
  m_NavMeshLayer: 0
  m_StaticEditorFlags: 0
  m_IsActive: 1
--- !u!4 &7377391542183089191
Transform:
  m_ObjectHideFlags: 0
  m_CorrespondingSourceObject: {fileID: 0}
  m_PrefabInstance: {fileID: 0}
  m_PrefabAsset: {fileID: 0}
  m_GameObject: {fileID: 4390932434788658466}
  m_LocalRotation: {x: -0, y: -0, z: -0, w: 1}
  m_LocalPosition: {x: 0, y: 0, z: 0.009}
  m_LocalScale: {x: 1, y: 1, z: 1}
  m_Children:
  - {fileID: 4481110715246773909}
  - {fileID: 7658043981566466686}
  - {fileID: 5033926313319759340}
  - {fileID: 8818994598673888225}
  - {fileID: 2930809758089688717}
  - {fileID: 375250229992928248}
  - {fileID: 7231400652261671312}
  - {fileID: 1154989954643031262}
  - {fileID: 4867674339303535294}
  - {fileID: 2941983233686995803}
  - {fileID: 3474743219103401504}
  - {fileID: 4018305530790208917}
  m_Father: {fileID: 7308595534004093648}
  m_RootOrder: 3
  m_LocalEulerAnglesHint: {x: 0, y: 0, z: 0}
--- !u!1 &7354213070953205882
GameObject:
  m_ObjectHideFlags: 0
  m_CorrespondingSourceObject: {fileID: 0}
  m_PrefabInstance: {fileID: 0}
  m_PrefabAsset: {fileID: 0}
  serializedVersion: 6
  m_Component:
  - component: {fileID: 8016931375064894944}
  - component: {fileID: 5990979828066798283}
  m_Layer: 0
  m_Name: Start
  m_TagString: Start
  m_Icon: {fileID: 0}
  m_NavMeshLayer: 0
  m_StaticEditorFlags: 0
  m_IsActive: 1
--- !u!4 &8016931375064894944
Transform:
  m_ObjectHideFlags: 0
  m_CorrespondingSourceObject: {fileID: 0}
  m_PrefabInstance: {fileID: 0}
  m_PrefabAsset: {fileID: 0}
  m_GameObject: {fileID: 7354213070953205882}
  m_LocalRotation: {x: 0, y: 0, z: 0, w: 1}
  m_LocalPosition: {x: -0.66, y: 0.181, z: 0.086}
  m_LocalScale: {x: 1, y: 1, z: 1}
  m_Children: []
  m_Father: {fileID: 7308595534004093648}
  m_RootOrder: 4
  m_LocalEulerAnglesHint: {x: 0, y: 0, z: 0}
--- !u!135 &5990979828066798283
SphereCollider:
  m_ObjectHideFlags: 0
  m_CorrespondingSourceObject: {fileID: 0}
  m_PrefabInstance: {fileID: 0}
  m_PrefabAsset: {fileID: 0}
  m_GameObject: {fileID: 7354213070953205882}
  m_Material: {fileID: 0}
  m_IsTrigger: 1
  m_Enabled: 1
  serializedVersion: 2
  m_Radius: 0.05
  m_Center: {x: 0, y: 0, z: 0}
--- !u!1 &9059102598793799127
GameObject:
  m_ObjectHideFlags: 0
  m_CorrespondingSourceObject: {fileID: 0}
  m_PrefabInstance: {fileID: 0}
  m_PrefabAsset: {fileID: 0}
  serializedVersion: 6
  m_Component:
  - component: {fileID: 7308595534004093648}
  - component: {fileID: 2262516602348433901}
  m_Layer: 0
  m_Name: Level 7
  m_TagString: Untagged
  m_Icon: {fileID: 0}
  m_NavMeshLayer: 0
  m_StaticEditorFlags: 0
  m_IsActive: 1
--- !u!4 &7308595534004093648
Transform:
  m_ObjectHideFlags: 0
  m_CorrespondingSourceObject: {fileID: 0}
  m_PrefabInstance: {fileID: 0}
  m_PrefabAsset: {fileID: 0}
  m_GameObject: {fileID: 9059102598793799127}
  m_LocalRotation: {x: 0, y: 0, z: 0, w: 1}
  m_LocalPosition: {x: 0, y: 0, z: 0}
  m_LocalScale: {x: 5, y: 5, z: 5}
  m_Children:
  - {fileID: 4636970284247237226}
  - {fileID: 2240727754564944355}
  - {fileID: 4451668739984834618}
  - {fileID: 7377391542183089191}
  - {fileID: 8016931375064894944}
  - {fileID: 6206864961101774412}
  - {fileID: 8517154960176744700}
  m_Father: {fileID: 0}
  m_RootOrder: 0
  m_LocalEulerAnglesHint: {x: 0, y: 0, z: 0}
--- !u!114 &2262516602348433901
MonoBehaviour:
  m_ObjectHideFlags: 0
  m_CorrespondingSourceObject: {fileID: 0}
  m_PrefabInstance: {fileID: 0}
  m_PrefabAsset: {fileID: 0}
  m_GameObject: {fileID: 9059102598793799127}
  m_Enabled: 1
  m_EditorHideFlags: 0
  m_Script: {fileID: 11500000, guid: 0d38a2a67a6d84fcb984cf7eafb31f9d, type: 3}
  m_Name: 
  m_EditorClassIdentifier: 
  threeStars: 2
  twoStars: 4
  oneStar: 5
  currentStars: 0
  startPoint: {fileID: 7354213070953205882}
  endPoint: {fileID: 0}
  unlockableCoinImage: {fileID: -5630398987324418507, guid: 19b3d872d2a114b62bf03decb54e339e,
    type: 3}
--- !u!1001 &7476945941828708
PrefabInstance:
  m_ObjectHideFlags: 0
  serializedVersion: 2
  m_Modification:
    m_TransformParent: {fileID: 7308595534004093648}
    m_Modifications:
    - target: {fileID: 2979522457582118804, guid: 6f6fee4b1d556bd4a8b83ff99a6731a8,
        type: 3}
      propertyPath: m_Name
      value: Round table
      objectReference: {fileID: 0}
    - target: {fileID: 2234412392285853063, guid: 6f6fee4b1d556bd4a8b83ff99a6731a8,
        type: 3}
      propertyPath: m_LocalPosition.x
      value: -1.4470001
      objectReference: {fileID: 0}
    - target: {fileID: 2234412392285853063, guid: 6f6fee4b1d556bd4a8b83ff99a6731a8,
        type: 3}
      propertyPath: m_LocalPosition.y
      value: 0.017
      objectReference: {fileID: 0}
    - target: {fileID: 2234412392285853063, guid: 6f6fee4b1d556bd4a8b83ff99a6731a8,
        type: 3}
      propertyPath: m_LocalPosition.z
      value: -0.346
      objectReference: {fileID: 0}
    - target: {fileID: 2234412392285853063, guid: 6f6fee4b1d556bd4a8b83ff99a6731a8,
        type: 3}
      propertyPath: m_LocalRotation.x
      value: -0.7071068
      objectReference: {fileID: 0}
    - target: {fileID: 2234412392285853063, guid: 6f6fee4b1d556bd4a8b83ff99a6731a8,
        type: 3}
      propertyPath: m_LocalRotation.y
      value: -0
      objectReference: {fileID: 0}
    - target: {fileID: 2234412392285853063, guid: 6f6fee4b1d556bd4a8b83ff99a6731a8,
        type: 3}
      propertyPath: m_LocalRotation.z
      value: -0
      objectReference: {fileID: 0}
    - target: {fileID: 2234412392285853063, guid: 6f6fee4b1d556bd4a8b83ff99a6731a8,
        type: 3}
      propertyPath: m_LocalRotation.w
      value: 0.7071068
      objectReference: {fileID: 0}
    - target: {fileID: 2234412392285853063, guid: 6f6fee4b1d556bd4a8b83ff99a6731a8,
        type: 3}
      propertyPath: m_RootOrder
      value: 1
      objectReference: {fileID: 0}
    - target: {fileID: 2234412392285853063, guid: 6f6fee4b1d556bd4a8b83ff99a6731a8,
        type: 3}
      propertyPath: m_LocalEulerAnglesHint.x
      value: -90
      objectReference: {fileID: 0}
    - target: {fileID: 2234412392285853063, guid: 6f6fee4b1d556bd4a8b83ff99a6731a8,
        type: 3}
      propertyPath: m_LocalEulerAnglesHint.y
      value: 0
      objectReference: {fileID: 0}
    - target: {fileID: 2234412392285853063, guid: 6f6fee4b1d556bd4a8b83ff99a6731a8,
        type: 3}
      propertyPath: m_LocalEulerAnglesHint.z
      value: 0
      objectReference: {fileID: 0}
    m_RemovedComponents: []
  m_SourcePrefab: {fileID: 100100000, guid: 6f6fee4b1d556bd4a8b83ff99a6731a8, type: 3}
--- !u!4 &2240727754564944355 stripped
Transform:
  m_CorrespondingSourceObject: {fileID: 2234412392285853063, guid: 6f6fee4b1d556bd4a8b83ff99a6731a8,
    type: 3}
  m_PrefabInstance: {fileID: 7476945941828708}
  m_PrefabAsset: {fileID: 0}
--- !u!1001 &463020005089556936
PrefabInstance:
  m_ObjectHideFlags: 0
  serializedVersion: 2
  m_Modification:
    m_TransformParent: {fileID: 7377391542183089191}
    m_Modifications:
    - target: {fileID: 3819769355731302435, guid: 60fd69f5ece6cf84c94e9c6477548a04,
        type: 3}
      propertyPath: m_Name
      value: Beer bottle
      objectReference: {fileID: 0}
    - target: {fileID: 241455112938031664, guid: 60fd69f5ece6cf84c94e9c6477548a04,
        type: 3}
      propertyPath: m_LocalPosition.x
      value: -0.009999924
      objectReference: {fileID: 0}
    - target: {fileID: 241455112938031664, guid: 60fd69f5ece6cf84c94e9c6477548a04,
        type: 3}
      propertyPath: m_LocalPosition.y
      value: 0
      objectReference: {fileID: 0}
    - target: {fileID: 241455112938031664, guid: 60fd69f5ece6cf84c94e9c6477548a04,
        type: 3}
      propertyPath: m_LocalPosition.z
      value: 0.84700006
      objectReference: {fileID: 0}
    - target: {fileID: 241455112938031664, guid: 60fd69f5ece6cf84c94e9c6477548a04,
        type: 3}
      propertyPath: m_LocalRotation.x
      value: 0.11680019
      objectReference: {fileID: 0}
    - target: {fileID: 241455112938031664, guid: 60fd69f5ece6cf84c94e9c6477548a04,
        type: 3}
      propertyPath: m_LocalRotation.y
      value: -0.69739366
      objectReference: {fileID: 0}
    - target: {fileID: 241455112938031664, guid: 60fd69f5ece6cf84c94e9c6477548a04,
        type: 3}
      propertyPath: m_LocalRotation.z
      value: -0.6973935
      objectReference: {fileID: 0}
    - target: {fileID: 241455112938031664, guid: 60fd69f5ece6cf84c94e9c6477548a04,
        type: 3}
      propertyPath: m_LocalRotation.w
      value: -0.1168002
      objectReference: {fileID: 0}
    - target: {fileID: 241455112938031664, guid: 60fd69f5ece6cf84c94e9c6477548a04,
        type: 3}
      propertyPath: m_RootOrder
      value: 5
      objectReference: {fileID: 0}
    - target: {fileID: 241455112938031664, guid: 60fd69f5ece6cf84c94e9c6477548a04,
        type: 3}
      propertyPath: m_LocalEulerAnglesHint.x
      value: -90.00001
      objectReference: {fileID: 0}
    - target: {fileID: 241455112938031664, guid: 60fd69f5ece6cf84c94e9c6477548a04,
        type: 3}
      propertyPath: m_LocalEulerAnglesHint.y
      value: 0
      objectReference: {fileID: 0}
    - target: {fileID: 241455112938031664, guid: 60fd69f5ece6cf84c94e9c6477548a04,
        type: 3}
      propertyPath: m_LocalEulerAnglesHint.z
      value: -199.015
      objectReference: {fileID: 0}
    m_RemovedComponents: []
  m_SourcePrefab: {fileID: 100100000, guid: 60fd69f5ece6cf84c94e9c6477548a04, type: 3}
--- !u!4 &375250229992928248 stripped
Transform:
  m_CorrespondingSourceObject: {fileID: 241455112938031664, guid: 60fd69f5ece6cf84c94e9c6477548a04,
    type: 3}
  m_PrefabInstance: {fileID: 463020005089556936}
  m_PrefabAsset: {fileID: 0}
--- !u!1001 &613188665986407111
PrefabInstance:
  m_ObjectHideFlags: 0
  serializedVersion: 2
  m_Modification:
    m_TransformParent: {fileID: 7377391542183089191}
    m_Modifications:
    - target: {fileID: 1148821696479539829, guid: 834e30b6766b888489cd657b93bce111,
        type: 3}
      propertyPath: m_Name
      value: Trampoline (2)
      objectReference: {fileID: 0}
    - target: {fileID: 1766856814106652185, guid: 834e30b6766b888489cd657b93bce111,
        type: 3}
      propertyPath: m_LocalPosition.x
      value: 0.763
      objectReference: {fileID: 0}
    - target: {fileID: 1766856814106652185, guid: 834e30b6766b888489cd657b93bce111,
        type: 3}
      propertyPath: m_LocalPosition.y
      value: 0.0174
      objectReference: {fileID: 0}
    - target: {fileID: 1766856814106652185, guid: 834e30b6766b888489cd657b93bce111,
        type: 3}
      propertyPath: m_LocalPosition.z
      value: -0.24440819
      objectReference: {fileID: 0}
    - target: {fileID: 1766856814106652185, guid: 834e30b6766b888489cd657b93bce111,
        type: 3}
      propertyPath: m_LocalRotation.x
      value: -0
      objectReference: {fileID: 0}
    - target: {fileID: 1766856814106652185, guid: 834e30b6766b888489cd657b93bce111,
        type: 3}
      propertyPath: m_LocalRotation.y
      value: 0.7994919
      objectReference: {fileID: 0}
    - target: {fileID: 1766856814106652185, guid: 834e30b6766b888489cd657b93bce111,
        type: 3}
      propertyPath: m_LocalRotation.z
      value: -0
      objectReference: {fileID: 0}
    - target: {fileID: 1766856814106652185, guid: 834e30b6766b888489cd657b93bce111,
        type: 3}
      propertyPath: m_LocalRotation.w
      value: -0.60067695
      objectReference: {fileID: 0}
    - target: {fileID: 1766856814106652185, guid: 834e30b6766b888489cd657b93bce111,
        type: 3}
      propertyPath: m_RootOrder
      value: 7
      objectReference: {fileID: 0}
    - target: {fileID: 1766856814106652185, guid: 834e30b6766b888489cd657b93bce111,
        type: 3}
      propertyPath: m_LocalEulerAnglesHint.x
      value: 0
      objectReference: {fileID: 0}
    - target: {fileID: 1766856814106652185, guid: 834e30b6766b888489cd657b93bce111,
        type: 3}
      propertyPath: m_LocalEulerAnglesHint.y
      value: 253.837
      objectReference: {fileID: 0}
    - target: {fileID: 1766856814106652185, guid: 834e30b6766b888489cd657b93bce111,
        type: 3}
      propertyPath: m_LocalEulerAnglesHint.z
      value: 0
      objectReference: {fileID: 0}
    - target: {fileID: 573496313310830240, guid: 834e30b6766b888489cd657b93bce111,
        type: 3}
      propertyPath: m_LocalRotation.x
      value: -0.35104075
      objectReference: {fileID: 0}
    - target: {fileID: 573496313310830240, guid: 834e30b6766b888489cd657b93bce111,
        type: 3}
      propertyPath: m_LocalRotation.y
      value: -0.7070897
      objectReference: {fileID: 0}
    - target: {fileID: 573496313310830240, guid: 834e30b6766b888489cd657b93bce111,
        type: 3}
      propertyPath: m_LocalRotation.z
      value: -0.61382914
      objectReference: {fileID: 0}
    - target: {fileID: 573496313310830240, guid: 834e30b6766b888489cd657b93bce111,
        type: 3}
      propertyPath: m_LocalRotation.w
      value: 0.002902805
      objectReference: {fileID: 0}
    - target: {fileID: 573496313310830240, guid: 834e30b6766b888489cd657b93bce111,
        type: 3}
      propertyPath: m_LocalPosition.x
      value: 0.3729
      objectReference: {fileID: 0}
    - target: {fileID: 573496313310830240, guid: 834e30b6766b888489cd657b93bce111,
        type: 3}
      propertyPath: m_LocalPosition.y
      value: 0.0215
      objectReference: {fileID: 0}
    - target: {fileID: 573496313310830240, guid: 834e30b6766b888489cd657b93bce111,
        type: 3}
      propertyPath: m_LocalPosition.z
      value: 0.6671
      objectReference: {fileID: 0}
    - target: {fileID: 573496313310830240, guid: 834e30b6766b888489cd657b93bce111,
        type: 3}
      propertyPath: m_LocalEulerAnglesHint.x
      value: -119.52899
      objectReference: {fileID: 0}
    - target: {fileID: 573496313310830240, guid: 834e30b6766b888489cd657b93bce111,
        type: 3}
      propertyPath: m_LocalEulerAnglesHint.z
      value: -89.996
      objectReference: {fileID: 0}
    - target: {fileID: 573496313310830240, guid: 834e30b6766b888489cd657b93bce111,
        type: 3}
      propertyPath: m_LocalEulerAnglesHint.y
      value: -60.00299
      objectReference: {fileID: 0}
    m_RemovedComponents: []
  m_SourcePrefab: {fileID: 100100000, guid: 834e30b6766b888489cd657b93bce111, type: 3}
--- !u!4 &1154989954643031262 stripped
Transform:
  m_CorrespondingSourceObject: {fileID: 1766856814106652185, guid: 834e30b6766b888489cd657b93bce111,
    type: 3}
  m_PrefabInstance: {fileID: 613188665986407111}
  m_PrefabAsset: {fileID: 0}
--- !u!1001 &778462937262009027
PrefabInstance:
  m_ObjectHideFlags: 0
  serializedVersion: 2
  m_Modification:
    m_TransformParent: {fileID: 7377391542183089191}
    m_Modifications:
    - target: {fileID: 5113172097649240881, guid: f76bc534d0e244d4a87835ede1011540,
        type: 3}
      propertyPath: m_Name
      value: Unlucky_strikes
      objectReference: {fileID: 0}
    - target: {fileID: 8119703389493041442, guid: f76bc534d0e244d4a87835ede1011540,
        type: 3}
      propertyPath: m_LocalPosition.x
      value: 0.745
      objectReference: {fileID: 0}
    - target: {fileID: 8119703389493041442, guid: f76bc534d0e244d4a87835ede1011540,
        type: 3}
      propertyPath: m_LocalPosition.y
      value: 0
      objectReference: {fileID: 0}
    - target: {fileID: 8119703389493041442, guid: f76bc534d0e244d4a87835ede1011540,
        type: 3}
      propertyPath: m_LocalPosition.z
      value: 0.579
      objectReference: {fileID: 0}
    - target: {fileID: 8119703389493041442, guid: f76bc534d0e244d4a87835ede1011540,
        type: 3}
      propertyPath: m_LocalRotation.x
      value: -0.29456624
      objectReference: {fileID: 0}
    - target: {fileID: 8119703389493041442, guid: f76bc534d0e244d4a87835ede1011540,
        type: 3}
      propertyPath: m_LocalRotation.y
      value: 0.29456624
      objectReference: {fileID: 0}
    - target: {fileID: 8119703389493041442, guid: f76bc534d0e244d4a87835ede1011540,
        type: 3}
      propertyPath: m_LocalRotation.z
      value: -0.6428303
      objectReference: {fileID: 0}
    - target: {fileID: 8119703389493041442, guid: f76bc534d0e244d4a87835ede1011540,
        type: 3}
      propertyPath: m_LocalRotation.w
      value: 0.6428303
      objectReference: {fileID: 0}
    - target: {fileID: 8119703389493041442, guid: f76bc534d0e244d4a87835ede1011540,
        type: 3}
      propertyPath: m_RootOrder
      value: 3
      objectReference: {fileID: 0}
    - target: {fileID: 8119703389493041442, guid: f76bc534d0e244d4a87835ede1011540,
        type: 3}
      propertyPath: m_LocalEulerAnglesHint.x
      value: 0
      objectReference: {fileID: 0}
    - target: {fileID: 8119703389493041442, guid: f76bc534d0e244d4a87835ede1011540,
        type: 3}
      propertyPath: m_LocalEulerAnglesHint.y
      value: 49.238003
      objectReference: {fileID: 0}
    - target: {fileID: 8119703389493041442, guid: f76bc534d0e244d4a87835ede1011540,
        type: 3}
      propertyPath: m_LocalEulerAnglesHint.z
      value: -90.00001
      objectReference: {fileID: 0}
    m_RemovedComponents: []
  m_SourcePrefab: {fileID: 100100000, guid: f76bc534d0e244d4a87835ede1011540, type: 3}
--- !u!4 &8818994598673888225 stripped
Transform:
  m_CorrespondingSourceObject: {fileID: 8119703389493041442, guid: f76bc534d0e244d4a87835ede1011540,
    type: 3}
  m_PrefabInstance: {fileID: 778462937262009027}
  m_PrefabAsset: {fileID: 0}
--- !u!1001 &2754995278655193254
PrefabInstance:
  m_ObjectHideFlags: 0
  serializedVersion: 2
  m_Modification:
    m_TransformParent: {fileID: 7377391542183089191}
    m_Modifications:
    - target: {fileID: 4086148507123610094, guid: 695f50e3959bb9b4a9082b72a925ec2d,
        type: 3}
      propertyPath: m_Name
      value: Add bottle (1)
      objectReference: {fileID: 0}
    - target: {fileID: 1076276413403661309, guid: 695f50e3959bb9b4a9082b72a925ec2d,
        type: 3}
      propertyPath: m_LocalPosition.x
      value: -0.166
      objectReference: {fileID: 0}
    - target: {fileID: 1076276413403661309, guid: 695f50e3959bb9b4a9082b72a925ec2d,
        type: 3}
      propertyPath: m_LocalPosition.y
      value: 0.0393
      objectReference: {fileID: 0}
    - target: {fileID: 1076276413403661309, guid: 695f50e3959bb9b4a9082b72a925ec2d,
        type: 3}
      propertyPath: m_LocalPosition.z
      value: -0.913
      objectReference: {fileID: 0}
    - target: {fileID: 1076276413403661309, guid: 695f50e3959bb9b4a9082b72a925ec2d,
        type: 3}
      propertyPath: m_LocalRotation.x
      value: 0.31927988
      objectReference: {fileID: 0}
    - target: {fileID: 1076276413403661309, guid: 695f50e3959bb9b4a9082b72a925ec2d,
        type: 3}
      propertyPath: m_LocalRotation.y
      value: -0
      objectReference: {fileID: 0}
    - target: {fileID: 1076276413403661309, guid: 695f50e3959bb9b4a9082b72a925ec2d,
        type: 3}
      propertyPath: m_LocalRotation.z
      value: -0.9476605
      objectReference: {fileID: 0}
    - target: {fileID: 1076276413403661309, guid: 695f50e3959bb9b4a9082b72a925ec2d,
        type: 3}
      propertyPath: m_LocalRotation.w
      value: 0
      objectReference: {fileID: 0}
    - target: {fileID: 1076276413403661309, guid: 695f50e3959bb9b4a9082b72a925ec2d,
        type: 3}
      propertyPath: m_RootOrder
      value: 9
      objectReference: {fileID: 0}
    - target: {fileID: 1076276413403661309, guid: 695f50e3959bb9b4a9082b72a925ec2d,
        type: 3}
      propertyPath: m_LocalEulerAnglesHint.x
      value: 180
      objectReference: {fileID: 0}
    - target: {fileID: 1076276413403661309, guid: 695f50e3959bb9b4a9082b72a925ec2d,
        type: 3}
      propertyPath: m_LocalEulerAnglesHint.y
      value: 142.761
      objectReference: {fileID: 0}
    - target: {fileID: 1076276413403661309, guid: 695f50e3959bb9b4a9082b72a925ec2d,
        type: 3}
      propertyPath: m_LocalEulerAnglesHint.z
      value: -0.000015258789
      objectReference: {fileID: 0}
    m_RemovedComponents: []
  m_SourcePrefab: {fileID: 100100000, guid: 695f50e3959bb9b4a9082b72a925ec2d, type: 3}
--- !u!4 &2941983233686995803 stripped
Transform:
  m_CorrespondingSourceObject: {fileID: 1076276413403661309, guid: 695f50e3959bb9b4a9082b72a925ec2d,
    type: 3}
  m_PrefabInstance: {fileID: 2754995278655193254}
  m_PrefabAsset: {fileID: 0}
--- !u!1001 &2935755855621335097
PrefabInstance:
  m_ObjectHideFlags: 0
  serializedVersion: 2
  m_Modification:
    m_TransformParent: {fileID: 7377391542183089191}
    m_Modifications:
    - target: {fileID: 1148821696479539829, guid: 834e30b6766b888489cd657b93bce111,
        type: 3}
      propertyPath: m_Name
      value: Trampoline (3)
      objectReference: {fileID: 0}
    - target: {fileID: 1766856814106652185, guid: 834e30b6766b888489cd657b93bce111,
        type: 3}
      propertyPath: m_LocalPosition.x
      value: -0.727
      objectReference: {fileID: 0}
    - target: {fileID: 1766856814106652185, guid: 834e30b6766b888489cd657b93bce111,
        type: 3}
      propertyPath: m_LocalPosition.y
      value: 0.0174
      objectReference: {fileID: 0}
    - target: {fileID: 1766856814106652185, guid: 834e30b6766b888489cd657b93bce111,
        type: 3}
      propertyPath: m_LocalPosition.z
      value: -1.243
      objectReference: {fileID: 0}
    - target: {fileID: 1766856814106652185, guid: 834e30b6766b888489cd657b93bce111,
        type: 3}
      propertyPath: m_LocalRotation.x
      value: -0
      objectReference: {fileID: 0}
    - target: {fileID: 1766856814106652185, guid: 834e30b6766b888489cd657b93bce111,
        type: 3}
      propertyPath: m_LocalRotation.y
      value: -0.17541592
      objectReference: {fileID: 0}
    - target: {fileID: 1766856814106652185, guid: 834e30b6766b888489cd657b93bce111,
        type: 3}
      propertyPath: m_LocalRotation.z
      value: -0
      objectReference: {fileID: 0}
    - target: {fileID: 1766856814106652185, guid: 834e30b6766b888489cd657b93bce111,
        type: 3}
      propertyPath: m_LocalRotation.w
      value: -0.98449445
      objectReference: {fileID: 0}
    - target: {fileID: 1766856814106652185, guid: 834e30b6766b888489cd657b93bce111,
        type: 3}
      propertyPath: m_RootOrder
      value: 10
      objectReference: {fileID: 0}
    - target: {fileID: 1766856814106652185, guid: 834e30b6766b888489cd657b93bce111,
        type: 3}
      propertyPath: m_LocalEulerAnglesHint.x
      value: 0
      objectReference: {fileID: 0}
    - target: {fileID: 1766856814106652185, guid: 834e30b6766b888489cd657b93bce111,
        type: 3}
      propertyPath: m_LocalEulerAnglesHint.y
      value: 380.206
      objectReference: {fileID: 0}
    - target: {fileID: 1766856814106652185, guid: 834e30b6766b888489cd657b93bce111,
        type: 3}
      propertyPath: m_LocalEulerAnglesHint.z
      value: 0
      objectReference: {fileID: 0}
    - target: {fileID: 573496313310830240, guid: 834e30b6766b888489cd657b93bce111,
        type: 3}
      propertyPath: m_LocalRotation.x
      value: -0.35104075
      objectReference: {fileID: 0}
    - target: {fileID: 573496313310830240, guid: 834e30b6766b888489cd657b93bce111,
        type: 3}
      propertyPath: m_LocalRotation.y
      value: -0.7070897
      objectReference: {fileID: 0}
    - target: {fileID: 573496313310830240, guid: 834e30b6766b888489cd657b93bce111,
        type: 3}
      propertyPath: m_LocalRotation.z
      value: -0.61382914
      objectReference: {fileID: 0}
    - target: {fileID: 573496313310830240, guid: 834e30b6766b888489cd657b93bce111,
        type: 3}
      propertyPath: m_LocalRotation.w
      value: 0.002902805
      objectReference: {fileID: 0}
    - target: {fileID: 573496313310830240, guid: 834e30b6766b888489cd657b93bce111,
        type: 3}
      propertyPath: m_LocalPosition.x
      value: 0.3729
      objectReference: {fileID: 0}
    - target: {fileID: 573496313310830240, guid: 834e30b6766b888489cd657b93bce111,
        type: 3}
      propertyPath: m_LocalPosition.y
      value: 0.0215
      objectReference: {fileID: 0}
    - target: {fileID: 573496313310830240, guid: 834e30b6766b888489cd657b93bce111,
        type: 3}
      propertyPath: m_LocalPosition.z
      value: 0.6671
      objectReference: {fileID: 0}
    - target: {fileID: 573496313310830240, guid: 834e30b6766b888489cd657b93bce111,
        type: 3}
      propertyPath: m_LocalEulerAnglesHint.x
      value: -119.52899
      objectReference: {fileID: 0}
    - target: {fileID: 573496313310830240, guid: 834e30b6766b888489cd657b93bce111,
        type: 3}
      propertyPath: m_LocalEulerAnglesHint.z
      value: -89.996
      objectReference: {fileID: 0}
    - target: {fileID: 573496313310830240, guid: 834e30b6766b888489cd657b93bce111,
        type: 3}
      propertyPath: m_LocalEulerAnglesHint.y
      value: -60.00299
      objectReference: {fileID: 0}
    m_RemovedComponents: []
  m_SourcePrefab: {fileID: 100100000, guid: 834e30b6766b888489cd657b93bce111, type: 3}
--- !u!4 &3474743219103401504 stripped
Transform:
  m_CorrespondingSourceObject: {fileID: 1766856814106652185, guid: 834e30b6766b888489cd657b93bce111,
    type: 3}
  m_PrefabInstance: {fileID: 2935755855621335097}
  m_PrefabAsset: {fileID: 0}
--- !u!1001 &3470429349228910740
PrefabInstance:
  m_ObjectHideFlags: 0
  serializedVersion: 2
  m_Modification:
    m_TransformParent: {fileID: 7377391542183089191}
    m_Modifications:
    - target: {fileID: 1148821696479539829, guid: 834e30b6766b888489cd657b93bce111,
        type: 3}
      propertyPath: m_Name
      value: Trampoline
      objectReference: {fileID: 0}
    - target: {fileID: 1766856814106652185, guid: 834e30b6766b888489cd657b93bce111,
        type: 3}
      propertyPath: m_LocalPosition.x
      value: 0
      objectReference: {fileID: 0}
    - target: {fileID: 1766856814106652185, guid: 834e30b6766b888489cd657b93bce111,
        type: 3}
      propertyPath: m_LocalPosition.y
      value: 0
      objectReference: {fileID: 0}
    - target: {fileID: 1766856814106652185, guid: 834e30b6766b888489cd657b93bce111,
        type: 3}
      propertyPath: m_LocalPosition.z
      value: 0
      objectReference: {fileID: 0}
    - target: {fileID: 1766856814106652185, guid: 834e30b6766b888489cd657b93bce111,
        type: 3}
      propertyPath: m_LocalRotation.x
      value: 0
      objectReference: {fileID: 0}
    - target: {fileID: 1766856814106652185, guid: 834e30b6766b888489cd657b93bce111,
        type: 3}
      propertyPath: m_LocalRotation.y
      value: 0
      objectReference: {fileID: 0}
    - target: {fileID: 1766856814106652185, guid: 834e30b6766b888489cd657b93bce111,
        type: 3}
      propertyPath: m_LocalRotation.z
      value: 0
      objectReference: {fileID: 0}
    - target: {fileID: 1766856814106652185, guid: 834e30b6766b888489cd657b93bce111,
        type: 3}
      propertyPath: m_LocalRotation.w
      value: 1
      objectReference: {fileID: 0}
    - target: {fileID: 1766856814106652185, guid: 834e30b6766b888489cd657b93bce111,
        type: 3}
      propertyPath: m_RootOrder
      value: 4
      objectReference: {fileID: 0}
    - target: {fileID: 1766856814106652185, guid: 834e30b6766b888489cd657b93bce111,
        type: 3}
      propertyPath: m_LocalEulerAnglesHint.x
      value: 0
      objectReference: {fileID: 0}
    - target: {fileID: 1766856814106652185, guid: 834e30b6766b888489cd657b93bce111,
        type: 3}
      propertyPath: m_LocalEulerAnglesHint.y
      value: 0
      objectReference: {fileID: 0}
    - target: {fileID: 1766856814106652185, guid: 834e30b6766b888489cd657b93bce111,
        type: 3}
      propertyPath: m_LocalEulerAnglesHint.z
      value: 0
      objectReference: {fileID: 0}
    m_RemovedComponents: []
  m_SourcePrefab: {fileID: 100100000, guid: 834e30b6766b888489cd657b93bce111, type: 3}
--- !u!4 &2930809758089688717 stripped
Transform:
  m_CorrespondingSourceObject: {fileID: 1766856814106652185, guid: 834e30b6766b888489cd657b93bce111,
    type: 3}
  m_PrefabInstance: {fileID: 3470429349228910740}
  m_PrefabAsset: {fileID: 0}
--- !u!1001 &4299696080778231519
PrefabInstance:
  m_ObjectHideFlags: 0
  serializedVersion: 2
  m_Modification:
    m_TransformParent: {fileID: 7308595534004093648}
    m_Modifications:
    - target: {fileID: 3474331627079585014, guid: 2d7cf545fc219804ea38c21ef232b0fc,
        type: 3}
      propertyPath: m_Name
      value: Outdoor table
      objectReference: {fileID: 0}
    - target: {fileID: 462771164367634149, guid: 2d7cf545fc219804ea38c21ef232b0fc,
        type: 3}
      propertyPath: m_LocalPosition.x
      value: -0.000000013411046
      objectReference: {fileID: 0}
    - target: {fileID: 462771164367634149, guid: 2d7cf545fc219804ea38c21ef232b0fc,
        type: 3}
      propertyPath: m_LocalPosition.y
      value: -0.7
      objectReference: {fileID: 0}
    - target: {fileID: 462771164367634149, guid: 2d7cf545fc219804ea38c21ef232b0fc,
        type: 3}
      propertyPath: m_LocalPosition.z
      value: 0.15304212
      objectReference: {fileID: 0}
    - target: {fileID: 462771164367634149, guid: 2d7cf545fc219804ea38c21ef232b0fc,
        type: 3}
      propertyPath: m_LocalRotation.x
      value: -0.70213366
      objectReference: {fileID: 0}
    - target: {fileID: 462771164367634149, guid: 2d7cf545fc219804ea38c21ef232b0fc,
        type: 3}
      propertyPath: m_LocalRotation.y
      value: -0.000000005587935
      objectReference: {fileID: 0}
    - target: {fileID: 462771164367634149, guid: 2d7cf545fc219804ea38c21ef232b0fc,
        type: 3}
      propertyPath: m_LocalRotation.z
      value: 9.3132246e-10
      objectReference: {fileID: 0}
    - target: {fileID: 462771164367634149, guid: 2d7cf545fc219804ea38c21ef232b0fc,
        type: 3}
      propertyPath: m_LocalRotation.w
      value: 0.7120452
      objectReference: {fileID: 0}
    - target: {fileID: 462771164367634149, guid: 2d7cf545fc219804ea38c21ef232b0fc,
        type: 3}
      propertyPath: m_RootOrder
      value: 2
      objectReference: {fileID: 0}
    - target: {fileID: 462771164367634149, guid: 2d7cf545fc219804ea38c21ef232b0fc,
        type: 3}
      propertyPath: m_LocalEulerAnglesHint.x
      value: -89.19701
      objectReference: {fileID: 0}
    - target: {fileID: 462771164367634149, guid: 2d7cf545fc219804ea38c21ef232b0fc,
        type: 3}
      propertyPath: m_LocalEulerAnglesHint.y
      value: 0
      objectReference: {fileID: 0}
    - target: {fileID: 462771164367634149, guid: 2d7cf545fc219804ea38c21ef232b0fc,
        type: 3}
      propertyPath: m_LocalEulerAnglesHint.z
      value: 0
      objectReference: {fileID: 0}
    m_RemovedComponents: []
  m_SourcePrefab: {fileID: 100100000, guid: 2d7cf545fc219804ea38c21ef232b0fc, type: 3}
--- !u!4 &4451668739984834618 stripped
Transform:
  m_CorrespondingSourceObject: {fileID: 462771164367634149, guid: 2d7cf545fc219804ea38c21ef232b0fc,
    type: 3}
  m_PrefabInstance: {fileID: 4299696080778231519}
  m_PrefabAsset: {fileID: 0}
--- !u!1001 &5146797030365494455
PrefabInstance:
  m_ObjectHideFlags: 0
  serializedVersion: 2
  m_Modification:
    m_TransformParent: {fileID: 7377391542183089191}
    m_Modifications:
    - target: {fileID: 5113172097649240881, guid: f76bc534d0e244d4a87835ede1011540,
        type: 3}
      propertyPath: m_Name
      value: Unlucky_strikes (1)
      objectReference: {fileID: 0}
    - target: {fileID: 8119703389493041442, guid: f76bc534d0e244d4a87835ede1011540,
        type: 3}
      propertyPath: m_LocalPosition.x
      value: -1.446
      objectReference: {fileID: 0}
    - target: {fileID: 8119703389493041442, guid: f76bc534d0e244d4a87835ede1011540,
        type: 3}
      propertyPath: m_LocalPosition.y
      value: 0.0172
      objectReference: {fileID: 0}
    - target: {fileID: 8119703389493041442, guid: f76bc534d0e244d4a87835ede1011540,
        type: 3}
      propertyPath: m_LocalPosition.z
      value: -0.208
      objectReference: {fileID: 0}
    - target: {fileID: 8119703389493041442, guid: f76bc534d0e244d4a87835ede1011540,
        type: 3}
      propertyPath: m_LocalRotation.x
      value: 0.17320144
      objectReference: {fileID: 0}
    - target: {fileID: 8119703389493041442, guid: f76bc534d0e244d4a87835ede1011540,
        type: 3}
      propertyPath: m_LocalRotation.y
      value: -0.17320144
      objectReference: {fileID: 0}
    - target: {fileID: 8119703389493041442, guid: f76bc534d0e244d4a87835ede1011540,
        type: 3}
      propertyPath: m_LocalRotation.z
      value: -0.68556637
      objectReference: {fileID: 0}
    - target: {fileID: 8119703389493041442, guid: f76bc534d0e244d4a87835ede1011540,
        type: 3}
      propertyPath: m_LocalRotation.w
      value: 0.68556637
      objectReference: {fileID: 0}
    - target: {fileID: 8119703389493041442, guid: f76bc534d0e244d4a87835ede1011540,
        type: 3}
      propertyPath: m_RootOrder
      value: 11
      objectReference: {fileID: 0}
    - target: {fileID: 8119703389493041442, guid: f76bc534d0e244d4a87835ede1011540,
        type: 3}
      propertyPath: m_LocalEulerAnglesHint.x
      value: 0
      objectReference: {fileID: 0}
    - target: {fileID: 8119703389493041442, guid: f76bc534d0e244d4a87835ede1011540,
        type: 3}
      propertyPath: m_LocalEulerAnglesHint.y
      value: -28.357002
      objectReference: {fileID: 0}
    - target: {fileID: 8119703389493041442, guid: f76bc534d0e244d4a87835ede1011540,
        type: 3}
      propertyPath: m_LocalEulerAnglesHint.z
      value: -90.00001
      objectReference: {fileID: 0}
    m_RemovedComponents: []
  m_SourcePrefab: {fileID: 100100000, guid: f76bc534d0e244d4a87835ede1011540, type: 3}
--- !u!4 &4018305530790208917 stripped
Transform:
  m_CorrespondingSourceObject: {fileID: 8119703389493041442, guid: f76bc534d0e244d4a87835ede1011540,
    type: 3}
  m_PrefabInstance: {fileID: 5146797030365494455}
  m_PrefabAsset: {fileID: 0}
--- !u!1001 &5269507266291690443
PrefabInstance:
  m_ObjectHideFlags: 0
  serializedVersion: 2
  m_Modification:
    m_TransformParent: {fileID: 7308595534004093648}
    m_Modifications:
    - target: {fileID: 2979522457582118804, guid: 6f6fee4b1d556bd4a8b83ff99a6731a8,
        type: 3}
      propertyPath: m_Name
      value: Round table (1)
      objectReference: {fileID: 0}
    - target: {fileID: 2234412392285853063, guid: 6f6fee4b1d556bd4a8b83ff99a6731a8,
        type: 3}
      propertyPath: m_LocalPosition.x
      value: -0.083
      objectReference: {fileID: 0}
    - target: {fileID: 2234412392285853063, guid: 6f6fee4b1d556bd4a8b83ff99a6731a8,
        type: 3}
      propertyPath: m_LocalPosition.y
      value: 0.017000003
      objectReference: {fileID: 0}
    - target: {fileID: 2234412392285853063, guid: 6f6fee4b1d556bd4a8b83ff99a6731a8,
        type: 3}
      propertyPath: m_LocalPosition.z
      value: -1.07
      objectReference: {fileID: 0}
    - target: {fileID: 2234412392285853063, guid: 6f6fee4b1d556bd4a8b83ff99a6731a8,
        type: 3}
      propertyPath: m_LocalRotation.x
      value: -0.7071068
      objectReference: {fileID: 0}
    - target: {fileID: 2234412392285853063, guid: 6f6fee4b1d556bd4a8b83ff99a6731a8,
        type: 3}
      propertyPath: m_LocalRotation.y
      value: -0
      objectReference: {fileID: 0}
    - target: {fileID: 2234412392285853063, guid: 6f6fee4b1d556bd4a8b83ff99a6731a8,
        type: 3}
      propertyPath: m_LocalRotation.z
      value: -0
      objectReference: {fileID: 0}
    - target: {fileID: 2234412392285853063, guid: 6f6fee4b1d556bd4a8b83ff99a6731a8,
        type: 3}
      propertyPath: m_LocalRotation.w
      value: 0.7071068
      objectReference: {fileID: 0}
    - target: {fileID: 2234412392285853063, guid: 6f6fee4b1d556bd4a8b83ff99a6731a8,
        type: 3}
      propertyPath: m_RootOrder
      value: 5
      objectReference: {fileID: 0}
    - target: {fileID: 2234412392285853063, guid: 6f6fee4b1d556bd4a8b83ff99a6731a8,
        type: 3}
      propertyPath: m_LocalEulerAnglesHint.x
      value: -90
      objectReference: {fileID: 0}
    - target: {fileID: 2234412392285853063, guid: 6f6fee4b1d556bd4a8b83ff99a6731a8,
        type: 3}
      propertyPath: m_LocalEulerAnglesHint.y
      value: 0
      objectReference: {fileID: 0}
    - target: {fileID: 2234412392285853063, guid: 6f6fee4b1d556bd4a8b83ff99a6731a8,
        type: 3}
      propertyPath: m_LocalEulerAnglesHint.z
      value: 0
      objectReference: {fileID: 0}
    - target: {fileID: 2234412392285853063, guid: 6f6fee4b1d556bd4a8b83ff99a6731a8,
        type: 3}
      propertyPath: m_LocalScale.y
      value: 0.50000024
      objectReference: {fileID: 0}
    - target: {fileID: 2234412392285853063, guid: 6f6fee4b1d556bd4a8b83ff99a6731a8,
        type: 3}
      propertyPath: m_LocalScale.z
      value: 0.50000024
      objectReference: {fileID: 0}
    m_RemovedComponents: []
  m_SourcePrefab: {fileID: 100100000, guid: 6f6fee4b1d556bd4a8b83ff99a6731a8, type: 3}
--- !u!4 &6206864961101774412 stripped
Transform:
  m_CorrespondingSourceObject: {fileID: 2234412392285853063, guid: 6f6fee4b1d556bd4a8b83ff99a6731a8,
    type: 3}
  m_PrefabInstance: {fileID: 5269507266291690443}
  m_PrefabAsset: {fileID: 0}
--- !u!1001 &5436473115245901075
PrefabInstance:
  m_ObjectHideFlags: 0
  serializedVersion: 2
  m_Modification:
    m_TransformParent: {fileID: 7308595534004093648}
    m_Modifications:
    - target: {fileID: 4427233329325983082, guid: 68c259836f6ad774bb1229d6b4d6a142,
        type: 3}
      propertyPath: m_Name
      value: Ground
      objectReference: {fileID: 0}
    - target: {fileID: 804992703378503545, guid: 68c259836f6ad774bb1229d6b4d6a142,
        type: 3}
      propertyPath: m_LocalPosition.x
      value: -0
      objectReference: {fileID: 0}
    - target: {fileID: 804992703378503545, guid: 68c259836f6ad774bb1229d6b4d6a142,
        type: 3}
      propertyPath: m_LocalPosition.y
      value: -0.7
      objectReference: {fileID: 0}
    - target: {fileID: 804992703378503545, guid: 68c259836f6ad774bb1229d6b4d6a142,
        type: 3}
      propertyPath: m_LocalPosition.z
      value: 0
      objectReference: {fileID: 0}
    - target: {fileID: 804992703378503545, guid: 68c259836f6ad774bb1229d6b4d6a142,
        type: 3}
      propertyPath: m_LocalRotation.x
      value: -0.7071068
      objectReference: {fileID: 0}
    - target: {fileID: 804992703378503545, guid: 68c259836f6ad774bb1229d6b4d6a142,
        type: 3}
      propertyPath: m_LocalRotation.y
      value: 0
      objectReference: {fileID: 0}
    - target: {fileID: 804992703378503545, guid: 68c259836f6ad774bb1229d6b4d6a142,
        type: 3}
      propertyPath: m_LocalRotation.z
      value: -0
      objectReference: {fileID: 0}
    - target: {fileID: 804992703378503545, guid: 68c259836f6ad774bb1229d6b4d6a142,
        type: 3}
      propertyPath: m_LocalRotation.w
      value: 0.7071068
      objectReference: {fileID: 0}
    - target: {fileID: 804992703378503545, guid: 68c259836f6ad774bb1229d6b4d6a142,
        type: 3}
      propertyPath: m_RootOrder
      value: 0
      objectReference: {fileID: 0}
    - target: {fileID: 804992703378503545, guid: 68c259836f6ad774bb1229d6b4d6a142,
        type: 3}
      propertyPath: m_LocalEulerAnglesHint.x
      value: 0
      objectReference: {fileID: 0}
    - target: {fileID: 804992703378503545, guid: 68c259836f6ad774bb1229d6b4d6a142,
        type: 3}
      propertyPath: m_LocalEulerAnglesHint.y
      value: 0
      objectReference: {fileID: 0}
    - target: {fileID: 804992703378503545, guid: 68c259836f6ad774bb1229d6b4d6a142,
        type: 3}
      propertyPath: m_LocalEulerAnglesHint.z
      value: 0
      objectReference: {fileID: 0}
    - target: {fileID: 2687636658474250678, guid: 68c259836f6ad774bb1229d6b4d6a142,
        type: 3}
      propertyPath: m_Materials.Array.data[0]
      value: 
      objectReference: {fileID: 2100000, guid: 073628b127663f5488950aaac7dde3a6, type: 2}
    m_RemovedComponents: []
  m_SourcePrefab: {fileID: 100100000, guid: 68c259836f6ad774bb1229d6b4d6a142, type: 3}
--- !u!4 &4636970284247237226 stripped
Transform:
  m_CorrespondingSourceObject: {fileID: 804992703378503545, guid: 68c259836f6ad774bb1229d6b4d6a142,
    type: 3}
  m_PrefabInstance: {fileID: 5436473115245901075}
  m_PrefabAsset: {fileID: 0}
--- !u!1001 &6450749682843135951
PrefabInstance:
  m_ObjectHideFlags: 0
  serializedVersion: 2
  m_Modification:
    m_TransformParent: {fileID: 7377391542183089191}
    m_Modifications:
    - target: {fileID: 3194045501061885794, guid: 2d8501881b82b0047970dd3d5fe352d7,
        type: 3}
      propertyPath: m_Name
      value: Ashtray (1)
      objectReference: {fileID: 0}
    - target: {fileID: 1875994080227138929, guid: 2d8501881b82b0047970dd3d5fe352d7,
        type: 3}
      propertyPath: m_LocalPosition.x
      value: -0.0951
      objectReference: {fileID: 0}
    - target: {fileID: 1875994080227138929, guid: 2d8501881b82b0047970dd3d5fe352d7,
        type: 3}
      propertyPath: m_LocalPosition.y
      value: 0.0171
      objectReference: {fileID: 0}
    - target: {fileID: 1875994080227138929, guid: 2d8501881b82b0047970dd3d5fe352d7,
        type: 3}
      propertyPath: m_LocalPosition.z
      value: -0.8923
      objectReference: {fileID: 0}
    - target: {fileID: 1875994080227138929, guid: 2d8501881b82b0047970dd3d5fe352d7,
        type: 3}
      propertyPath: m_LocalRotation.x
      value: -0.7071068
      objectReference: {fileID: 0}
    - target: {fileID: 1875994080227138929, guid: 2d8501881b82b0047970dd3d5fe352d7,
        type: 3}
      propertyPath: m_LocalRotation.y
      value: 0
      objectReference: {fileID: 0}
    - target: {fileID: 1875994080227138929, guid: 2d8501881b82b0047970dd3d5fe352d7,
        type: 3}
      propertyPath: m_LocalRotation.z
      value: -0
      objectReference: {fileID: 0}
    - target: {fileID: 1875994080227138929, guid: 2d8501881b82b0047970dd3d5fe352d7,
        type: 3}
      propertyPath: m_LocalRotation.w
      value: 0.7071068
      objectReference: {fileID: 0}
    - target: {fileID: 1875994080227138929, guid: 2d8501881b82b0047970dd3d5fe352d7,
        type: 3}
      propertyPath: m_RootOrder
      value: 8
      objectReference: {fileID: 0}
    - target: {fileID: 1875994080227138929, guid: 2d8501881b82b0047970dd3d5fe352d7,
        type: 3}
      propertyPath: m_LocalEulerAnglesHint.x
      value: 0
      objectReference: {fileID: 0}
    - target: {fileID: 1875994080227138929, guid: 2d8501881b82b0047970dd3d5fe352d7,
        type: 3}
      propertyPath: m_LocalEulerAnglesHint.y
      value: 0
      objectReference: {fileID: 0}
    - target: {fileID: 1875994080227138929, guid: 2d8501881b82b0047970dd3d5fe352d7,
        type: 3}
      propertyPath: m_LocalEulerAnglesHint.z
      value: 0
      objectReference: {fileID: 0}
    m_RemovedComponents: []
  m_SourcePrefab: {fileID: 100100000, guid: 2d8501881b82b0047970dd3d5fe352d7, type: 3}
--- !u!4 &4867674339303535294 stripped
Transform:
  m_CorrespondingSourceObject: {fileID: 1875994080227138929, guid: 2d8501881b82b0047970dd3d5fe352d7,
    type: 3}
  m_PrefabInstance: {fileID: 6450749682843135951}
  m_PrefabAsset: {fileID: 0}
--- !u!1001 &6814423642128912716
PrefabInstance:
  m_ObjectHideFlags: 0
  serializedVersion: 2
  m_Modification:
    m_TransformParent: {fileID: 7308595534004093648}
    m_Modifications:
    - target: {fileID: 8181406554276336086, guid: 1f9ffc59fd18242be8a884fa2a4da12c,
        type: 3}
      propertyPath: m_Name
      value: End
      objectReference: {fileID: 0}
    - target: {fileID: 2928097861400041904, guid: 1f9ffc59fd18242be8a884fa2a4da12c,
        type: 3}
      propertyPath: m_LocalPosition.x
      value: -1.365
      objectReference: {fileID: 0}
    - target: {fileID: 2928097861400041904, guid: 1f9ffc59fd18242be8a884fa2a4da12c,
        type: 3}
      propertyPath: m_LocalPosition.y
      value: 0.0175
      objectReference: {fileID: 0}
    - target: {fileID: 2928097861400041904, guid: 1f9ffc59fd18242be8a884fa2a4da12c,
        type: 3}
      propertyPath: m_LocalPosition.z
      value: -0.222
      objectReference: {fileID: 0}
    - target: {fileID: 2928097861400041904, guid: 1f9ffc59fd18242be8a884fa2a4da12c,
        type: 3}
      propertyPath: m_LocalRotation.x
      value: 0.7071068
      objectReference: {fileID: 0}
    - target: {fileID: 2928097861400041904, guid: 1f9ffc59fd18242be8a884fa2a4da12c,
        type: 3}
      propertyPath: m_LocalRotation.y
      value: 0
      objectReference: {fileID: 0}
    - target: {fileID: 2928097861400041904, guid: 1f9ffc59fd18242be8a884fa2a4da12c,
        type: 3}
      propertyPath: m_LocalRotation.z
      value: 0
      objectReference: {fileID: 0}
    - target: {fileID: 2928097861400041904, guid: 1f9ffc59fd18242be8a884fa2a4da12c,
        type: 3}
      propertyPath: m_LocalRotation.w
      value: 0.7071068
      objectReference: {fileID: 0}
    - target: {fileID: 2928097861400041904, guid: 1f9ffc59fd18242be8a884fa2a4da12c,
        type: 3}
      propertyPath: m_RootOrder
      value: 6
      objectReference: {fileID: 0}
    - target: {fileID: 2928097861400041904, guid: 1f9ffc59fd18242be8a884fa2a4da12c,
        type: 3}
      propertyPath: m_LocalEulerAnglesHint.x
      value: 90
      objectReference: {fileID: 0}
    - target: {fileID: 2928097861400041904, guid: 1f9ffc59fd18242be8a884fa2a4da12c,
        type: 3}
      propertyPath: m_LocalEulerAnglesHint.y
      value: 0
      objectReference: {fileID: 0}
    - target: {fileID: 2928097861400041904, guid: 1f9ffc59fd18242be8a884fa2a4da12c,
        type: 3}
      propertyPath: m_LocalEulerAnglesHint.z
      value: 0
      objectReference: {fileID: 0}
    m_RemovedComponents: []
  m_SourcePrefab: {fileID: 100100000, guid: 1f9ffc59fd18242be8a884fa2a4da12c, type: 3}
--- !u!4 &8517154960176744700 stripped
Transform:
  m_CorrespondingSourceObject: {fileID: 2928097861400041904, guid: 1f9ffc59fd18242be8a884fa2a4da12c,
    type: 3}
  m_PrefabInstance: {fileID: 6814423642128912716}
  m_PrefabAsset: {fileID: 0}
--- !u!1001 &6905363904596467869
PrefabInstance:
  m_ObjectHideFlags: 0
  serializedVersion: 2
  m_Modification:
    m_TransformParent: {fileID: 7377391542183089191}
    m_Modifications:
    - target: {fileID: 3194045501061885794, guid: 2d8501881b82b0047970dd3d5fe352d7,
        type: 3}
      propertyPath: m_Name
      value: Ashtray
      objectReference: {fileID: 0}
    - target: {fileID: 1875994080227138929, guid: 2d8501881b82b0047970dd3d5fe352d7,
        type: 3}
      propertyPath: m_LocalPosition.x
      value: 0.668
      objectReference: {fileID: 0}
    - target: {fileID: 1875994080227138929, guid: 2d8501881b82b0047970dd3d5fe352d7,
        type: 3}
      propertyPath: m_LocalPosition.y
      value: 0.0059
      objectReference: {fileID: 0}
    - target: {fileID: 1875994080227138929, guid: 2d8501881b82b0047970dd3d5fe352d7,
        type: 3}
      propertyPath: m_LocalPosition.z
      value: 0.721
      objectReference: {fileID: 0}
    - target: {fileID: 1875994080227138929, guid: 2d8501881b82b0047970dd3d5fe352d7,
        type: 3}
      propertyPath: m_LocalRotation.x
      value: -0.7071068
      objectReference: {fileID: 0}
    - target: {fileID: 1875994080227138929, guid: 2d8501881b82b0047970dd3d5fe352d7,
        type: 3}
      propertyPath: m_LocalRotation.y
      value: 0
      objectReference: {fileID: 0}
    - target: {fileID: 1875994080227138929, guid: 2d8501881b82b0047970dd3d5fe352d7,
        type: 3}
      propertyPath: m_LocalRotation.z
      value: -0
      objectReference: {fileID: 0}
    - target: {fileID: 1875994080227138929, guid: 2d8501881b82b0047970dd3d5fe352d7,
        type: 3}
      propertyPath: m_LocalRotation.w
      value: 0.7071068
      objectReference: {fileID: 0}
    - target: {fileID: 1875994080227138929, guid: 2d8501881b82b0047970dd3d5fe352d7,
        type: 3}
      propertyPath: m_RootOrder
      value: 2
      objectReference: {fileID: 0}
    - target: {fileID: 1875994080227138929, guid: 2d8501881b82b0047970dd3d5fe352d7,
        type: 3}
      propertyPath: m_LocalEulerAnglesHint.x
      value: 0
      objectReference: {fileID: 0}
    - target: {fileID: 1875994080227138929, guid: 2d8501881b82b0047970dd3d5fe352d7,
        type: 3}
      propertyPath: m_LocalEulerAnglesHint.y
      value: 0
      objectReference: {fileID: 0}
    - target: {fileID: 1875994080227138929, guid: 2d8501881b82b0047970dd3d5fe352d7,
        type: 3}
      propertyPath: m_LocalEulerAnglesHint.z
      value: 0
      objectReference: {fileID: 0}
    m_RemovedComponents: []
  m_SourcePrefab: {fileID: 100100000, guid: 2d8501881b82b0047970dd3d5fe352d7, type: 3}
--- !u!4 &5033926313319759340 stripped
Transform:
  m_CorrespondingSourceObject: {fileID: 1875994080227138929, guid: 2d8501881b82b0047970dd3d5fe352d7,
    type: 3}
  m_PrefabInstance: {fileID: 6905363904596467869}
  m_PrefabAsset: {fileID: 0}
--- !u!1001 &7253440684627646851
PrefabInstance:
  m_ObjectHideFlags: 0
  serializedVersion: 2
  m_Modification:
    m_TransformParent: {fileID: 7377391542183089191}
    m_Modifications:
    - target: {fileID: 4086148507123610094, guid: 695f50e3959bb9b4a9082b72a925ec2d,
        type: 3}
      propertyPath: m_Name
      value: Add bottle
      objectReference: {fileID: 0}
    - target: {fileID: 1076276413403661309, guid: 695f50e3959bb9b4a9082b72a925ec2d,
        type: 3}
      propertyPath: m_LocalPosition.x
      value: 0.982
      objectReference: {fileID: 0}
    - target: {fileID: 1076276413403661309, guid: 695f50e3959bb9b4a9082b72a925ec2d,
        type: 3}
      propertyPath: m_LocalPosition.y
      value: 0.0306
      objectReference: {fileID: 0}
    - target: {fileID: 1076276413403661309, guid: 695f50e3959bb9b4a9082b72a925ec2d,
        type: 3}
      propertyPath: m_LocalPosition.z
      value: 0.719
      objectReference: {fileID: 0}
    - target: {fileID: 1076276413403661309, guid: 695f50e3959bb9b4a9082b72a925ec2d,
        type: 3}
      propertyPath: m_LocalRotation.x
      value: 0.70712715
      objectReference: {fileID: 0}
    - target: {fileID: 1076276413403661309, guid: 695f50e3959bb9b4a9082b72a925ec2d,
        type: 3}
      propertyPath: m_LocalRotation.y
      value: -0
      objectReference: {fileID: 0}
    - target: {fileID: 1076276413403661309, guid: 695f50e3959bb9b4a9082b72a925ec2d,
        type: 3}
      propertyPath: m_LocalRotation.z
      value: -0.7070865
      objectReference: {fileID: 0}
    - target: {fileID: 1076276413403661309, guid: 695f50e3959bb9b4a9082b72a925ec2d,
        type: 3}
      propertyPath: m_LocalRotation.w
      value: 0
      objectReference: {fileID: 0}
    - target: {fileID: 1076276413403661309, guid: 695f50e3959bb9b4a9082b72a925ec2d,
        type: 3}
      propertyPath: m_RootOrder
      value: 1
      objectReference: {fileID: 0}
    - target: {fileID: 1076276413403661309, guid: 695f50e3959bb9b4a9082b72a925ec2d,
        type: 3}
      propertyPath: m_LocalEulerAnglesHint.x
      value: 180
      objectReference: {fileID: 0}
    - target: {fileID: 1076276413403661309, guid: 695f50e3959bb9b4a9082b72a925ec2d,
        type: 3}
      propertyPath: m_LocalEulerAnglesHint.y
      value: 89.996994
      objectReference: {fileID: 0}
    - target: {fileID: 1076276413403661309, guid: 695f50e3959bb9b4a9082b72a925ec2d,
        type: 3}
      propertyPath: m_LocalEulerAnglesHint.z
      value: -0.000015258789
      objectReference: {fileID: 0}
    m_RemovedComponents: []
  m_SourcePrefab: {fileID: 100100000, guid: 695f50e3959bb9b4a9082b72a925ec2d, type: 3}
--- !u!4 &7658043981566466686 stripped
Transform:
  m_CorrespondingSourceObject: {fileID: 1076276413403661309, guid: 695f50e3959bb9b4a9082b72a925ec2d,
    type: 3}
  m_PrefabInstance: {fileID: 7253440684627646851}
  m_PrefabAsset: {fileID: 0}
--- !u!1001 &7392388365417927837
PrefabInstance:
  m_ObjectHideFlags: 0
  serializedVersion: 2
  m_Modification:
    m_TransformParent: {fileID: 7377391542183089191}
    m_Modifications:
    - target: {fileID: 7997347997104644123, guid: 03113b7c1800f2841a03ef3f5f7f1e6e,
        type: 3}
      propertyPath: m_Name
      value: Chair
      objectReference: {fileID: 0}
    - target: {fileID: 6388092709920068104, guid: 03113b7c1800f2841a03ef3f5f7f1e6e,
        type: 3}
      propertyPath: m_LocalPosition.x
      value: -1.08
      objectReference: {fileID: 0}
    - target: {fileID: 6388092709920068104, guid: 03113b7c1800f2841a03ef3f5f7f1e6e,
        type: 3}
      propertyPath: m_LocalPosition.y
      value: -0.603
      objectReference: {fileID: 0}
    - target: {fileID: 6388092709920068104, guid: 03113b7c1800f2841a03ef3f5f7f1e6e,
        type: 3}
      propertyPath: m_LocalPosition.z
      value: -0.092
      objectReference: {fileID: 0}
    - target: {fileID: 6388092709920068104, guid: 03113b7c1800f2841a03ef3f5f7f1e6e,
        type: 3}
      propertyPath: m_LocalRotation.x
      value: 0.16127479
      objectReference: {fileID: 0}
    - target: {fileID: 6388092709920068104, guid: 03113b7c1800f2841a03ef3f5f7f1e6e,
        type: 3}
      propertyPath: m_LocalRotation.y
      value: -0.6504271
      objectReference: {fileID: 0}
    - target: {fileID: 6388092709920068104, guid: 03113b7c1800f2841a03ef3f5f7f1e6e,
        type: 3}
      propertyPath: m_LocalRotation.z
      value: -0.7281352
      objectReference: {fileID: 0}
    - target: {fileID: 6388092709920068104, guid: 03113b7c1800f2841a03ef3f5f7f1e6e,
        type: 3}
      propertyPath: m_LocalRotation.w
      value: -0.1440634
      objectReference: {fileID: 0}
    - target: {fileID: 6388092709920068104, guid: 03113b7c1800f2841a03ef3f5f7f1e6e,
        type: 3}
      propertyPath: m_RootOrder
      value: 0
      objectReference: {fileID: 0}
    - target: {fileID: 6388092709920068104, guid: 03113b7c1800f2841a03ef3f5f7f1e6e,
        type: 3}
      propertyPath: m_LocalEulerAnglesHint.x
      value: -83.548004
      objectReference: {fileID: 0}
    - target: {fileID: 6388092709920068104, guid: 03113b7c1800f2841a03ef3f5f7f1e6e,
        type: 3}
      propertyPath: m_LocalEulerAnglesHint.y
      value: -24.978
      objectReference: {fileID: 0}
    - target: {fileID: 6388092709920068104, guid: 03113b7c1800f2841a03ef3f5f7f1e6e,
        type: 3}
      propertyPath: m_LocalEulerAnglesHint.z
      value: -179.99998
      objectReference: {fileID: 0}
    m_RemovedComponents: []
  m_SourcePrefab: {fileID: 100100000, guid: 03113b7c1800f2841a03ef3f5f7f1e6e, type: 3}
--- !u!4 &4481110715246773909 stripped
Transform:
  m_CorrespondingSourceObject: {fileID: 6388092709920068104, guid: 03113b7c1800f2841a03ef3f5f7f1e6e,
    type: 3}
  m_PrefabInstance: {fileID: 7392388365417927837}
  m_PrefabAsset: {fileID: 0}
--- !u!1001 &8997693414738489225
PrefabInstance:
  m_ObjectHideFlags: 0
  serializedVersion: 2
  m_Modification:
    m_TransformParent: {fileID: 7377391542183089191}
    m_Modifications:
    - target: {fileID: 1148821696479539829, guid: 834e30b6766b888489cd657b93bce111,
        type: 3}
      propertyPath: m_Name
      value: Trampoline (1)
      objectReference: {fileID: 0}
    - target: {fileID: 1766856814106652185, guid: 834e30b6766b888489cd657b93bce111,
        type: 3}
      propertyPath: m_LocalPosition.x
      value: 0.821
      objectReference: {fileID: 0}
    - target: {fileID: 1766856814106652185, guid: 834e30b6766b888489cd657b93bce111,
        type: 3}
      propertyPath: m_LocalPosition.y
      value: 0
      objectReference: {fileID: 0}
    - target: {fileID: 1766856814106652185, guid: 834e30b6766b888489cd657b93bce111,
        type: 3}
      propertyPath: m_LocalPosition.z
      value: 0.68
      objectReference: {fileID: 0}
    - target: {fileID: 1766856814106652185, guid: 834e30b6766b888489cd657b93bce111,
        type: 3}
      propertyPath: m_LocalRotation.x
      value: -0
      objectReference: {fileID: 0}
    - target: {fileID: 1766856814106652185, guid: 834e30b6766b888489cd657b93bce111,
        type: 3}
      propertyPath: m_LocalRotation.y
      value: -0.8675732
      objectReference: {fileID: 0}
    - target: {fileID: 1766856814106652185, guid: 834e30b6766b888489cd657b93bce111,
        type: 3}
      propertyPath: m_LocalRotation.z
      value: -0
      objectReference: {fileID: 0}
    - target: {fileID: 1766856814106652185, guid: 834e30b6766b888489cd657b93bce111,
        type: 3}
      propertyPath: m_LocalRotation.w
      value: 0.4973096
      objectReference: {fileID: 0}
    - target: {fileID: 1766856814106652185, guid: 834e30b6766b888489cd657b93bce111,
        type: 3}
      propertyPath: m_RootOrder
      value: 6
      objectReference: {fileID: 0}
    - target: {fileID: 1766856814106652185, guid: 834e30b6766b888489cd657b93bce111,
        type: 3}
      propertyPath: m_LocalEulerAnglesHint.x
      value: 0
      objectReference: {fileID: 0}
    - target: {fileID: 1766856814106652185, guid: 834e30b6766b888489cd657b93bce111,
        type: 3}
      propertyPath: m_LocalEulerAnglesHint.y
      value: -120.356
      objectReference: {fileID: 0}
    - target: {fileID: 1766856814106652185, guid: 834e30b6766b888489cd657b93bce111,
        type: 3}
      propertyPath: m_LocalEulerAnglesHint.z
      value: 0
      objectReference: {fileID: 0}
    m_RemovedComponents: []
  m_SourcePrefab: {fileID: 100100000, guid: 834e30b6766b888489cd657b93bce111, type: 3}
--- !u!4 &7231400652261671312 stripped
Transform:
  m_CorrespondingSourceObject: {fileID: 1766856814106652185, guid: 834e30b6766b888489cd657b93bce111,
    type: 3}
  m_PrefabInstance: {fileID: 8997693414738489225}
  m_PrefabAsset: {fileID: 0}
